 Dungeon Crawl Stone Soup version 0.18-a0-116-g2d311b1 (webtiles) character file.

4035 Proton the Skirmisher (level 10, -1/94 HPs)
             Began as a Naga Fighter on Nov 17, 2015.
             Was an Elder of Cheibriados.
             Slain by an orc warrior
             ... wielding a +0 halberd
              (5 damage)
             ... on level 9 of the Dungeon.
             The game lasted 00:18:08 (7590 turns).

Proton the Skirmisher (Naga Fighter)                Turns: 7590, Time: 00:18:09

Health: -1/94      AC: 17    Str: 31    XL:     10   Next: 24%
Magic:  11/11      EV:  8    Int: 17    God:    Cheibriados [****..]
Gold:   354        SH: 12    Dex: 20    Spells: 0 memorised, 9 levels left

rFire  . . .     SeeInvis +     a - +1 long sword
rCold  + . .     Clarity  .     w - +0 plate armour
rNeg   . . .     SustAt   +     c - +0 shield
rPois  +         Gourm    +     C - +2 helmet {SInv}
rElec  .         Spirit   .     r - +1 cloak {MR+}
rCorr  .         Warding  .     i - +0 pair of gloves
rMut   .         Stasis   .     (no barding)
MR     ++...                    k - amulet of the gourmand
Stlth  ..........               D - ring of sustain attributes
                                m - ring of protection from cold

@: very slow, very resistant to hostile enchantments, extremely unstealthy
A: see invisible, deformed body, poison resistance, slowness 2, slow metabolism
1, spit poison 2, AC +3
a: Spit Poison, Bend Time, Temporal Distortion, Slouch, Renounce Religion


You were on level 9 of the Dungeon.
You worshipped Cheibriados.
Cheibriados was greatly pleased with you.
You were not hungry.

You visited 2 branches of the dungeon, and saw 10 of its levels.

You collected 354 gold pieces.

Inventory:

Hand Weapons
 a - a +1 long sword (weapon)
Armour
 c - a +0 shield (worn)
 i - a +0 pair of gloves (worn)
 r - a +1 cloak of magic resistance (worn)
 w - a +0 plate armour (worn)
 C - a +2 helmet of see invisible (worn)
Jewellery
 k - an amulet of the gourmand (around neck)
 m - a ring of protection from cold (left hand)
 s - an uncursed ring of fire
 D - a ring of sustain attributes (right hand)
Scrolls
 f - 4 scrolls of enchant weapon
 g - 3 scrolls of fear
 n - a scroll of enchant armour {unknown}
 o - 4 scrolls of remove curse
 p - a scroll of amnesia {unknown}
 t - a scroll of immolation {unknown}
 x - 2 scrolls of recharging
 A - a scroll of fog
Potions
 b - a potion of ambrosia
 d - 2 potions of might
 j - a potion of lignification {unknown}
 l - a potion of curing {unknown}
 q - a potion of berserk rage {unknown}
 u - a potion of invisibility
 z - a potion of experience {unknown}
 H - a potion of heal wounds {unknown}
Books
 E - a book of Envenomations

   Spells                             Type                      Level
   a - Spider Form                    Transmutation/Poison         3
   b - Alistair's Intoxication        Transmutation/Poison         4
   c - Olgreb's Toxic Radiance        Poison                       4
   d - Poisonous Cloud                Conjuration/Poison/Air       6
Comestibles
 e - 2 bread rations
 h - 4 meat rations
 v - 9 royal jellies


   Skills:
 + Level 7.3 Fighting
 + Level 6.3 Long Blades
 + Level 5.9 Armour
 + Level 5.2 Dodging
 + Level 5.8 Shields
 + Level 2.5 Invocations


You had 9 spell levels left.
You didn't know any spells.

Dungeon Overview and Level Annotations

Branches:
Dungeon (9/15)             Temple (1/1) D:5
   Lair: D:8-11         Orc: D:9-12

Altars:
Ashenzari
Cheibriados
Dithmenos
Elyvilon
Fedhas
Gozag
Makhleb
Nemelex Xobeh
Okawaru
Qazlal
Ru
Sif Muna
Vehumet
Yredelemnul
Zin
The Shining One

Shops:
D:6 %

Annotations:
D:6 haldagan's ghost, novice TeAE
D:8 Proton's ghost, novice NaFi
D:9 haldagan's ghost, novice TeAE


Innate Abilities, Weirdness & Mutations

You cannot wear boots.
Your serpentine skin is tough (AC +3).
You have supernaturally acute eyesight.
Armour fits poorly on your strangely shaped body.
Your system is resistant to poisons.
You cover ground very slowly.
You have a slow metabolism.
You can spit poison.


Message History

Aim: an orc warrior, wielding a glaive and wearing a plate armour The splash of poison hits the giant frog.
The giant frog is poisoned.
You kill the giant frog!
Cheibriados thoroughly appreciates the change of pace.
You feel slightly more hungry. You block the orc's attack.
You block the orc's attack.
The orc warrior hits you from afar with a halberd!
* * * LOW HITPOINT WARNING * * *
The orc warrior closely misses you. You block the orc's attack.
You block the orc's attack.
The orc warrior hits you but does no damage.
You have got your breath back.
The orc hits you but does no damage. You block the orc warrior's attack.
You block the orc warrior's attack.
The orc warrior hits you from afar with a glaive!
* * * LOW HITPOINT WARNING * * *
The orc warrior hits you from afar with a halberd.
You die...

##>## ####
#..# #.<#
#.. #..#
#.. #..#
####<. #..#
..... #..#
..o. #@.#
#.. #..#
#..#####o.#
#..ooo.oo.#
#...o.o...#
#..######.#
#.. #.# #..
#.# #.. #.#


You could see 3 orc warriors.

Vanquished Creatures
  A troll (D:8)
  Sigmund (D:3)
  A steam dragon (D:9)
  Eustachio (D:3)
  2 sky beasts (D:8)
  Duvessa (D:4)
  2 phantoms
  2 orc warriors
  3 ogres
  2 centaurs
  Blork the orc (D:4)
  3 giant frogs
  A water moccasin zombie (D:7)
  Dowan (D:4)
  3 scorpions
  7 wights
  6 orc priests
  2 crimson imps
  A gnoll shaman (D:8)
  8 orc wizards
  4 jellies
  Crazy Yiuf (D:3)
  A giant frog skeleton (D:8)
  2 centaur skeletons (D:5)
  3 hounds
  A quasit (D:8)
  Natasha (thrice) (D:3)
  3 iguanas
  A worker ant (D:8)
  2 hound zombies
  A worker ant zombie (D:5)
  5 gnolls (D:8)
  14 adders
  6 oozes
  3 adder skeletons
  4 worms
  4 giant geckos
  41 orcs
  8 giant cockroaches
  5 hobgoblins
  9 jackals
  4 quokkas
  3 ball pythons
  A ball python zombie (D:5)
  11 bats
  A giant gecko skeleton (D:7)
  4 giant newts
  15 goblins
  A jackal skeleton (D:6)
  8 kobolds
  4 rats (D:1)
222 creatures vanquished.

Notes
Turn   | Place    | Note
--------------------------------------------------------------
     0 | D:1      | Proton the Naga Fighter began the quest for the Orb.
     0 | D:1      | Reached XP level 1. HP: 21/21 MP: 1/1
   201 | D:1      | Reached XP level 2. HP: 25/28 MP: 2/2
   440 | D:1      | Reached skill level 1 in Dodging
   452 | D:1      | Reached XP level 3. HP: 17/34 MP: 3/3
   918 | D:2      | Found a basalt altar of Yredelemnul.
  1085 | D:2      | Reached XP level 4. HP: 39/42 MP: 4/4
  1881 | D:3      | Reached XP level 5. HP: 42/49 MP: 5/5
  2036 | D:3      | Noticed Sigmund
  2049 | D:3      | Killed Sigmund
  2049 | D:3      | Reached skill level 4 in Fighting
  2049 | D:3      | Reached XP level 6. HP: 27/57 MP: 6/6
  2090 | D:3      | Noticed Natasha
  2100 | D:3      | Killed Natasha
  2107 | D:3      | Noticed Crazy Yiuf
  2117 | D:3      | Killed Crazy Yiuf
  2247 | D:3      | Noticed Natasha
  2251 | D:3      | Killed Natasha
  2260 | D:3      | Noticed Natasha
  2264 | D:3      | Killed Natasha
  2394 | D:3      | Found a sacrificial altar of Ru.
  2573 | D:4      | Noticed Duvessa
  2573 | D:4      | Noticed Dowan
  2573 | D:4      | Noticed Eustachio
  2760 | D:3      | Killed Eustachio
  2760 | D:3      | Reached XP level 7. HP: 33/66 MP: 7/7
  3393 | D:4      | Noticed Blork the orc
  3408 | D:4      | Killed Blork the orc
  3424 | D:4      | Reached XP level 8. HP: 70/73 MP: 8/8
  3548 | D:4      | Killed Duvessa
  3548 | D:4      | Reached skill level 5 in Fighting
  3552 | D:4      | Killed Dowan
  3648 | D:4      | Found a radiant altar of Vehumet.
  3753 | D:5      | Entered Level 5 of the Dungeon
  3790 | D:5      | Found a deep blue altar of Sif Muna.
  4122 | D:5      | Found a staircase to the Ecumenical Temple.
  4136 | Temple   | Entered the Ecumenical Temple
  4238 | Temple   | Became a worshipper of Cheibriados the Contemplative
  4282 | D:5      | Found a glowing golden altar of the Shining One.
  4732 | D:6      | Reached * piety under Cheibriados
  4732 | D:6      | Reached skill level 5 in Long Blades
  4732 | D:6      | Reached XP level 9. HP: 49/82 MP: 9/9
  4736 | D:6      | Reached skill level 5 in Armour
  4870 | D:6      | Reached skill level 5 in Shields
  4873 | D:6      | Reached skill level 6 in Fighting
  5000 | D:6      | Noticed haldagan's ghost (novice TeAE)
  5036 | D:7      | Found a blossoming altar of Fedhas.
  5228 | D:7      | Found a shattered altar of Ashenzari.
  5289 | D:7      | Reached ** piety under Cheibriados
  5831 | D:6      | Found Mujono's Food Boutique.
  6131 | D:8      | Found an iron altar of Okawaru.
  6137 | D:8      | Reached skill level 1 in Invocations
  6238 | D:8      | Found a sparkling altar of Nemelex Xobeh.
  6321 | D:8      | Found a shadowy altar of Dithmenos.
  6329 | D:8      | Reached *** piety under Cheibriados
  6475 | D:8      | Reached skill level 5 in Dodging
  6475 | D:8      | Reached XP level 10. HP: 92/92 MP: 11/11
  6516 | D:8      | Reached skill level 7 in Fighting
  6638 | D:8      | Noticed Proton's ghost (novice NaFi)
  7255 | D:8      | Found a sacrificial altar of Ru.
  7495 | D:8      | Reached **** piety under Cheibriados
  7588 | D:9      | HP: 3/94 [orc warrior/glaive (15)]
  7590 | D:9      | Slain by an orc warrior

Vault maps used:
D:1:      shiori_shiawase
D:2:      yredelemnul_altar_generic, first_bread, hangedman_decor_riveting
D:3:      nicolae_ru_path_of_blood, uniq_sigmund, uniq_crazy_yiuf_cottage,
          uniq_natasha
D:4:      lemuel_coloured_pillars_altar, uniq_blork_the_orc, uniq_duvessa,
          uniq_eustachio
D:5:      lemuel_crystal_altar, tso_metal_star, minmay_temple_entry_purple_smoke
D:6:      serial_shops, kennysheep_mini_moat
D:7:      ashenzari_conservatory_becter, fedhas_altar_1
D:8:      kennysheep_little_box, okawaru_gym_becter,
          nicolae_dithmenos_through_a_glass_darkly,
          nemelex_xobeh_ov_fountains_minmay, hangedman_little_slice_of_home,
          corexii_checkpoint_b, hangedman_minor_gate_pass
D:9:      kennysheep_housing_project, kiku_gazebo_garden_becter,
          trog_ov_bears_minmay, nicolae_overflow_hidden_temple,
          david_lair_generic, david_orc_2, grunt_decor_resistance
Temple:   circular_temple_6

Action                   |  1- 3 |  4- 6 |  7- 9 | 10-12 || total
-------------------------+-------+-------+-------+-------++-------
Melee: Long sword        |   109 |   174 |   631 |   114 ||  1028
 Abil: Spit Poison       |     1 |    19 |    24 |     3 ||    47
  Use: Scroll            |       |       |     7 |     6 ||    13
       Potion            |       |       |     2 |       ||     2
  Eat: Beef jerky        |       |     2 |       |       ||     2
       Bread ration      |       |     1 |     2 |       ||     3
       Royal jelly       |       |       |     1 |     1 ||     2
